 Dungeon Crawl Stone Soup version 0.28.0-43-g3370ac3207 (webtiles) character file.

Game seed: 6665581877512045873

8897 pkoi the Destroyer (level 11, -12/88 HPs)
             Began as a Red Draconian Conjurer on Mar 18, 2022.
             Was a Priest of Vehumet.
             Shot with an arrow by a centaur warrior (20 damage)
             ... on level 13 of the Dungeon.
             The game lasted 00:27:05 (20453 turns).

pkoi the Destroyer (Red Draconian Conjurer)        Turns: 20453, Time: 00:27:07

Health: -12/88     AC: 13    Str:  9    XL:     11   Next: 15%
Magic:  9/20       EV: 13    Int: 23    God:    Vehumet [***...]
Gold:   582        SH:  0    Dex: 10    Spells: 6/23 levels left

rFire   + . .      SeeInvis .   G - +1 glaive (venom)
rCold   . . .      Faith    .   (shield currently unavailable)
rNeg    . . .      Spirit   .   (armour unavailable)
rPois   .          Reflect  .   (helmet restricted)
rElec   .          Harm     .   y - +2 cloak
rCorr   +          Rampage  .   v - +1 pair of gloves
Will    .....                   I - +0 pair of boots
Stlth   ++........              (no amulet)
HPRegen 0.24/turn               d - ring of resist corrosion
MPRegen 0.17/turn               (no ring)

@: no status effects
A: breathe fire, AC +7, unfitting armour, fire resistance 1, cold-blooded
a: Breathe Fire, Renounce Religion


You were on level 13 of the Dungeon.
You worshipped Vehumet.
Vehumet was most pleased with you.
You visited 2 branches of the dungeon, and saw 13 of its levels.
You also visited: Bailey.

You collected 582 gold pieces.

Inventory:

Hand Weapons
 a - a +1 short sword
 G - a +1 glaive of venom (weapon)
Missiles
 g - 10 poisoned darts
 p - 6 throwing nets
Armour
 v - a +1 pair of gloves (worn)
 y - a +2 cloak (worn)
 I - a +0 pair of boots (worn)
Jewellery
 d - a ring of resist corrosion (left hand)
Wands
 e - a wand of acid (4)
 k - a wand of flame (21)
 x - a wand of digging (3)
 D - a wand of mindburst (11)
Scrolls
 f - 4 scrolls of teleportation
 j - 2 scrolls of enchant weapon
 r - 6 scrolls of immolation
 u - 3 scrolls of summoning
 w - a scroll of magic mapping
 A - a scroll of amnesia
 C - 2 scrolls of identify
Potions
 b - a potion of attraction {unknown}
 c - a potion of magic
 h - 3 potions of degeneration {unknown}
 i - 2 potions of might
 l - a potion of flight {unknown}
 n - a potion of invisibility
 o - 2 potions of brilliance
 q - 5 potions of heal wounds {unknown}
 s - 4 potions of curing {unknown}
 t - a potion of haste {unknown}
 z - a potion of lignification
 B - a potion of resistance {unknown}
Miscellaneous
 m - a lightning rod (4/4)


   Skills:
 + Level 5.5 Fighting
 + Level 5.2 Dodging
 - Level 1.7 Stealth
 + Level 6.5 Spellcasting
 + Level 9.7 Conjurations
 + Level 6.0 Hexes
 + Level 8.1 Translocations
 + Level 4.0 Fire Magic


You had 6 spell levels left.
You knew the following spells:

 Your Spells              Type           Power      Damage    Failure   Level
a - Magic Dart            Conj           100%       1d8       1%          1
b - Searing Ray           Conj           100%       2d8       1%          2
c - Iskenderun's Mystic   Conj/Tloc      48%        2d11      1%          4
d - Fulminant Prism       Conj/Hex       21%        3d13      1%          4
e - Conjure Flame         Conj/Fire      39%        6-21      1%          3
f - Dazzling Flash        Conj/Hex       86%        N/A       1%          3

Your spell library contained the following spells:

 Spells                   Type           Power      Damage    Failure   Level
 Frozen Ramparts          Ice            14%        1d3       7%          3
 Gell's Gravitas          Tloc           45%        N/A       1%          3
 Lesser Beckoning         Tloc           45%        N/A       1%          3
 Teleport Other           Tloc           45%        N/A       1%          3
 Summon Guardian Golem    Hex/Summ       21%        N/A       7%          3
 Summon Small Mammal      Summ           28%        N/A       9%          1
 Call Canine Familiar     Summ           7%         N/A       24%         3
 Silence                  Hex/Air        10%        N/A       54%         5
 Agony                    Necr           7%         N/A       92%         5


Dungeon Overview and Level Annotations

Branches:
Dungeon (11/15)            Temple (1/1) D:7             Orc (0/2) D:9
 Bailey (visited)
   Lair: D:8-11

Altars:
Ashenzari
Cheibriados
Dithmenos
Elyvilon
Fedhas
Gozag
Hepliaklqana
Kikubaaqudgha
Makhleb
Nemelex Xobeh
Okawaru
Qazlal
Ru
Sif Muna
Trog
Uskayaw
Vehumet
Wu Jian
Xom
Yredelemnul
Zin
The Shining One


Innate Abilities, Weirdness & Mutations

You can breathe blasts of fire.
Your fiery red scales are hard. (AC +7)
You cannot fit into any form of body armour.
Your flesh is heat resistant. (rF+)
You are cold-blooded and may be slowed by cold attacks.


Message History

The centaur shoots an arrow.
The arrow hits you.
* * * LOW HITPOINT WARNING * * *
The arrow freezes you.
* * * LOW HITPOINT WARNING * * *
The centaur warrior shoots an arrow.
The arrow hits you!!
* * * LOW HITPOINT WARNING * * *
The centaur warrior shoots an arrow.
The arrow misses you.
Unknown command.
Casting: Magic Dart (safe; 1% risk of failure)
Confirm with . or Enter, or press ? or * to list all spells.
Aiming: Fulminant Prism (mildly dangerous; 1% risk of failure)
Press: ? - help, Dir - move target You conjure a prism of explosive energy!
A fulminant prism comes into view.
Something hits your fulminant prism.
Something kicks your fulminant prism but does no damage.
Your fulminant prism crackles loudly.
Casting: Fulminant Prism (mildly dangerous; 1% risk of failure)
Confirm with . or Enter, or press ? or * to list all spells.
You erupt in a blast of force!
The mystic blast hits the centaur warrior!
The centaur warrior is lightly wounded.
The centaur warrior is knocked back by the mystic blast.
The centaur warrior slams into the rock wall!
The centaur warrior is moderately wounded.
Something hits your fulminant prism.
Something kicks your fulminant prism but does no damage.
Your fulminant prism explodes!
Vehumet accepts your kill.
You feel your power returning.
You feel a bit more experienced.
You hear a shout! x3; You hear an angry buzzing noise. x2
Your Fire Magic skill increases to level 4!
Casting: Iskenderun's Mystic Blast (mildly dangerous; 1% risk of failure)
Confirm with . or Enter, or press ? or * to list all spells.
You erupt in a blast of force!
The mystic blast hits the centaur warrior!
The centaur warrior is heavily wounded.
The centaur warrior is knocked back by the mystic blast.
The centaur warrior shoots an arrow.
The arrow hits you!!
You die...

.....#...###≈...(......#
...........#≈≈≈........#
.....#..#...#≈≈≈........#
.$..##.##...#≈≈≈≈..(.♣..#
#......#...c#≈≈≈≈...._).#
. ....##..c#≈≈≈...(....#
.c.........#≈..........#
...........######.######
...........#@..##.##
.................#
..........c.#....#
..........###..........
###....[..# ##.........
#...#...#. #.........
...#.$..#.. ##........
...#....#.. .........
..... .. .........


You could see a centaur warrior.

Vanquished Creatures
  A two-headed ogre (D:10)
  An ugly thing (D:10)
  Joseph (D:7)
  A gargoyle (D:11)
  Maggie (D:8)
  A troll (D:10)
  Prince Ribbit (D:6)
  A hornet (D:9)
  A meliai zombie (D:9)
  A shadow (D:10)
  Sigmund (D:5)
  2 wyverns
  A steam dragon (D:9)
  Duvessa (D:7)
  2 acid dragons (D:9)
  2 water moccasins
  A sky beast (D:8)
  An ice beast (D:3)
  2 orc warriors (D:5)
  3 hornet zombies
  2 ogres
  A necrophage (D:6)
  6 centaurs
  A kobold brigand (D:8)
  2 bullfrogs (D:7)
  4 scorpions
  3 wyvern zombies
  2 gnoll sergeants
  2 water moccasin skeletons
  2 water moccasin zombies
  Dowan (D:7)
  3 wights (D:7)
  An electric eel (D:8)
  4 howler monkeys
  7 bullfrog zombies (D:6)
  4 centaur zombies
  A jelly (D:2)
  4 hounds
  2 centaur skeletons
  5 gnoll shamans
  10 orc priests
  6 bullfrog skeletons
  5 iguanas
  9 orc wizards
  A killer bee zombie (D:6)
  3 howler monkey zombies
  5 adders
  30 gnolls
  A howler monkey skeleton (D:6)
  A shadow imp (D:5)
  2 dart slugs
  31 orcs
  10 endoplasms
  2 giant cockroaches
  5 goblins
  4 hobgoblins
  3 jackals (D:1)
  8 ball pythons
  10 bats
  4 frilled lizards
  12 kobolds
  4 rats
249 creatures vanquished.

Vanquished Creatures (others)
  51 fulminant prisms
  A plant (D:11)
  10 withered plants (D:6)
62 creatures vanquished.

Grand Total: 311 creatures vanquished

Notes
Turn   | Place    | Note
-------+----------+-------------------------------------------
     0 | D:1      | pkoi the Draconian Conjurer began the quest for the Orb.
     0 | D:1      | Reached XP level 1. HP: 14/14 MP: 3/3
   452 | D:1      | Reached XP level 2. HP: 20/20 MP: 1/5
  1250 | D:1      | Reached skill level 5 in Conjurations
  1469 | D:2      | Learned a level 2 spell: Searing Ray
  1474 | D:2      | Reached XP level 3. HP: 26/26 MP: 4/6
  1842 | D:2      | Found a radiant altar of Vehumet.
  1860 | D:2      | Became a worshipper of Vehumet
  1868 | D:2      | Found a faded altar of an unknown god.
  2549 | D:3      | Noticed an ice beast
  2643 | D:2      | Reached XP level 4. HP: 20/33 MP: 0/7
  3300 | D:3      | Learned a level 4 spell: Iskenderun's Mystic Blast
  3437 | D:3      | Killed an ice beast
  3438 | D:3      | Reached skill level 6 in Conjurations
  3438 | D:3      | Reached skill level 1 in Translocations
  3438 | D:3      | Reached XP level 5. HP: 20/38 MP: 0/8
  5062 | D:4      | Reached XP level 6. HP: 44/45 MP: 3/9
  5867 | D:4      | Reached skill level 7 in Conjurations
  6135 | D:4      | Your scales start taking on a fiery red colour.
  6135 | D:4      | Reached XP level 7. HP: 50/50 MP: 5/11
  6135 | D:4      | Gained mutation: Your flesh is heat resistant. (rF+) [Red
                  | Draconian growth]
  6424 | D:5      | Entered Level 5 of the Dungeon
  6568 | D:5      | Found a hazy altar of Hepliaklqana.
  6569 | D:5      | Found a shimmering altar of Xom.
  6570 | D:5      | Noticed a spectral ugly thing
  6912 | D:5      | Learned a level 4 spell: Fulminant Prism
  6928 | D:5      | Reached * piety under Vehumet
  6928 | D:5      | Offered knowledge of Freeze by Vehumet.
  6939 | D:5      | Reached skill level 1 in Hexes
  7513 | D:5      | Reached XP level 8. HP: 57/57 MP: 9/13
  7847 | D:5      | Noticed Sigmund
  7852 | D:5      | Killed Sigmund
  7853 | D:5      | Reached skill level 5 in Translocations
  8010 | D:5      | Found a hide-covered altar of Uskayaw.
  8834 | D:6      | Reached skill level 8 in Conjurations
  9399 | D:6      | Offered knowledge of Shock by Vehumet.
  9400 | D:6      | Reached skill level 1 in Fighting
  9402 | D:6      | Reached ** piety under Vehumet
  9535 | D:6      | Reached XP level 9. HP: 62/64 MP: 7/15
 10852 | D:6      | Reached skill level 5 in Spellcasting
 12410 | D:7      | Found an ancient bone altar of Kikubaaqudgha.
 12751 | D:7      | Noticed Duvessa
 12753 | D:7      | Offered knowledge of Conjure Flame by Vehumet.
 12965 | D:7      | Noticed Dowan
 12965 | D:7      | Noticed Prince Ribbit
 12968 | D:7      | Killed Duvessa
 13092 | D:6      | Killed Prince Ribbit
 13227 | D:7      | Found a blossoming altar of Fedhas.
 13238 | D:7      | Reached skill level 5 in Hexes
 13382 | D:7      | Killed Dowan
 13383 | D:7      | Reached XP level 10. HP: 78/78 MP: 18/18
 13592 | D:7      | Found a radiant altar of Vehumet.
 13592 | D:7      | Found a stormy altar of Qazlal.
 13593 | D:7      | Found a glowing golden altar of the Shining One.
 13597 | D:7      | Reached skill level 9 in Conjurations
 13824 | D:7      | Reached *** piety under Vehumet
 13957 | D:7      | Noticed Joseph
 13997 | D:7      | Killed Joseph
 14215 | D:7      | Found a staircase to the Ecumenical Temple.
 14302 | Temple   | Entered the Ecumenical Temple
 14628 | D:8      | Learned a level 3 spell: Conjure Flame
 14632 | D:8      | Learned a level 3 spell: Dazzling Flash
 14750 | D:8      | Found a sparkling altar of Nemelex Xobeh.
 14906 | D:8      | Found a bloodstained altar of Trog.
 14943 | D:8      | Noticed Maggie
 14978 | D:8      | Killed Maggie
 14979 | D:8      | Reached skill level 1 in Fire Magic
 16313 | D:9      | Found a glowing silver altar of Zin.
 16672 | D:9      | Offered knowledge of Frozen Ramparts by Vehumet.
 16951 | D:9      | Found a staircase to the Orcish Mines.
 17330 | D:9      | Reached skill level 5 in Fighting
 17790 | D:10     | Entered Level 10 of the Dungeon
 18086 | D:10     | Found a flagged portal.
 18095 | Bailey   | Entered a bailey
 18672 | D:10     | Noticed a cyan ugly thing
 19046 | D:10     | Killed a cyan ugly thing
 19047 | D:10     | Reached skill level 5 in Dodging
 19350 | D:10     | Noticed a two-headed ogre
 19360 | D:10     | Killed a two-headed ogre
 19361 | D:10     | Reached XP level 11. HP: 88/88 MP: 3/20
 20211 | D:11     | Noticed a boulder beetle
 20317 | D:11     | You fall into a shaft and drop 2 floors!
 20317 | D:13     | Noticed a centaur warrior
 20317 | D:13     | Noticed a two-headed ogre
 20321 | D:13     | Found an ornate altar of the Wu Jian Council.
 20436 | D:13     | Noticed a centaur warrior
 20437 | D:13     | Noticed a centaur warrior
 20453 | D:13     | Shot with an arrow by a centaur warrior

Illustrated notes

Levels and vault maps discovered:
D:1:      nzn_arrival_settlement, layout_loops_ring
D:2:      layout_basic, basic_ecumenical_altar, basic_altar,
          hangedman_abyss_or_decor_stabs
D:3:      layout_rooms, kennysheep_another_room
D:4:      layout_loops_ring, kennysheep_doodads
D:5:      layout_loops_ring, regret_index_temple_of_mockery,
          nicolae_uskayaw_suspiria, uniq_sigmund
D:6:      layout_cave_pods, serial_undead, serial_undead_e, serial_undead_b,
          serial_undead_e, serial_undead_a, serial_undead_a, serial_undead_c,
          serial_undead_c, serial_undead_c, chequers_serial_rivers_small_a,
          mrwooster_statue_mirror
D:7:      layout_cave_pools, gammafunk_temple_overflow_claw, fedhas_altar_1,
          mainiacjoe_overflow_catwalk, minmay_temple_entry_mist,
          corexii_checkpoint_a, nrook_campfire, uniq_joseph, uniq_duvessa,
          uniq_prince_ribbit1
D:8:      layout_loops_ring, lemuel_crystal_altar, lemuel_round_altar,
          kennysheep_cross_room, hangedman_decor_slide_cut, uniq_maggie
D:9:      layout_basic, zin_scriptorium, orc_0_dummy
D:10:     layout_long_grid, enter_bailey_2
D:11:     layout_big_octagon, dpeg_oklobed_lair, st_stairs_3, minmay_door_square
D:13:     layout_cave_pools, david_vaults_5, maelrawn_ghost_gauntlet_escape,
          nzn_wu_jian_contemplation, uniq_nessos
Temple:   minmay_temple_curvy_loop

Skill      XL: |  1  2  3  4  5  6  7  8  9 10 11 |
---------------+----------------------------------+-----
Conjurations   | 5 6 7 8 9 |  9.7
Translocations | 1 2 3 4 6 7 8 |  8.1
Spellcasting   | 3 4 5 6 |  6.5
Hexes          | 1 3 5 6 |  6.0
Dodging        | 2 3 5 |  5.2
Fighting       | 1 3 5 |  5.5
Fire Magic     | 3 4 |  4.0
Stealth        | |  1.7

Action                   |  1- 3 |  4- 6 |  7- 9 | 10-12 || total
-------------------------+-------+-------+-------+-------++-------
Melee: Short sword       |     8 |    11 |   132 |     4 ||   155
       Tailslap          |       |     1 |    19 |     3 ||    23
       Punch             |       |       |     2 |       ||     2
       Glaive            |       |       |       |     9 ||     9
 Cast: Magic Dart        |    75 |    71 |   271 |    58 ||   475
       Searing Ray       |       |     8 |    20 |     5 ||    33
       Iskenderun's Myst |       |       |    14 |    42 ||    56
       Fulminant Prism   |       |       |     8 |    43 ||    51
 Abil: Breathe Fire      |       |       |    17 |     5 ||    22
  Use: Scroll            |       |     7 |     3 |     9 ||    19
Armor: Skin              |     7 |    13 |   138 |    33 ||   191
Dodge: Dodged            |    16 |    11 |   177 |    68 ||   272
